 Dungeon Crawl Stone Soup version 0.31-a0-187-gba352fbbf7 (webtiles) character file.

Game seed: 1258547444126227779

17136 lukessrichardson the Cleaver (level 12, -2/95 HPs)
             Began as a Human Berserker on June 22, 2023.
             Was a High Priest of Trog.
             Succumbed to a cane toad's poison
             ... on level 1 of the Lair of Beasts.
             The game lasted 00:43:38 (12746 turns).

lukessrichardson the Cleaver (Human Berserker)     Turns: 12746, Time: 00:43:39

Health: -2/95      AC: 16    Str: 20    XL:     12   Next: 78%
Magic:  12/12      EV: 15    Int: 13    God:    Trog [*****.]
Gold:   1384       SH:  5    Dex: 13    Spells: 11/11 levels left

rFire   . . .        t - +5 hand axe of Wexaed {holy, Int+3 SInv}
rCold   + . .        (no shield)
rNeg    . . .        K - +1 leather armour {rC+}
rPois   .            f - +2 helmet
rElec   .            L - +0 cloak
rCorr   .            N - +1 pair of gloves
SInv    +            w - +0 pair of boots
Will    +++..        m - amulet of reflection
Stlth   +++          h - ring of the Philosopher {AC+4 Slay+3}
HPRegen 1.35/turn    o - ring of willpower
MPRegen 0.13/turn

%: reflection
@: lethally poisoned (-2 -> -13), strong-willed, regenerating
A: no striking features
a: Renounce Religion, Berserk, Trog's Hand, Brothers in Arms


You were on level 1 of the Lair of Beasts.
You worshipped Trog.
Trog was extremely pleased with you.
You visited 2 branches of the dungeon, and saw 12 of its levels.
You also visited: Ossuary and Bailey.

You collected 1384 gold pieces.

Inventory:

Hand Weapons
 a - a +0 hand axe
 l - a +0 longbow
 s - the +7 quarterstaff of Actus Reus {drain, rF+ rN+ Dex+4}
   (You found it on level 4 of the Dungeon)

   Dex:       It affects your dexterity (+4).
   rF:        It protects you from fire.
   rN:        It protects you from negative energy.
 t - the +5 hand axe of Wexaed (weapon) {holy, Int+3 SInv}
   (You found it on level 4 of the Dungeon)

   Int:       It affects your intelligence (+3).
   SInv:      It lets you see invisible.
Missiles
 y - 3 silver boomerangs
 A - a throwing net
 I - 4 datura-tipped darts
Armour
 f - a +2 helmet (worn)
 w - a +0 pair of boots (worn)
 J - a +2 robe of willpower
 K - a +1 leather armour of cold resistance (worn)
 L - a +0 cloak (worn)
 N - a +1 pair of gloves (worn)
Jewellery
 d - an amulet of the acrobat
 h - the ring of the Philosopher (left hand) {AC+4 Slay+3}
   (You acquired it on level 2 of the Dungeon)

   [ring of protection]

   AC:        It affects your AC (+4).
   Slay:      It affects your accuracy & damage with ranged weapons and melee
   (+3).
 m - an amulet of reflection (around neck)
 n - a ring of willpower
 o - a ring of willpower (right hand)
 E - a +6 ring of intelligence
 P - a ring of willpower
 T - an amulet of faith
Wands
 q - a wand of acid (7)
 B - a wand of paralysis (2)
 H - a wand of flame (1)
Scrolls
 b - 6 scrolls of identify
 c - 4 scrolls of teleportation
 e - 4 scrolls of enchant armour
 g - 4 scrolls of blinking
 r - 4 scrolls of noise
 u - 2 scrolls of fog
 x - 2 scrolls of revelation
 z - a scroll of amnesia {unknown}
 D - a scroll of poison
 O - a scroll of torment {unknown}
 S - a scroll of silence {unknown}
 U - a scroll of enchant weapon
Potions
 i - 4 potions of enlightenment
 j - 11 potions of curing
 k - 3 potions of lignification
 p - a potion of mutation {unknown}
 v - 3 potions of heal wounds {unknown}
 C - a potion of berserk rage
 F - 2 potions of degeneration {unknown}
 G - 2 potions of ambrosia {unknown}
 M - a potion of might {unknown}
 R - a potion of haste {unknown}
Miscellaneous
 Q - a lightning rod (2/4)


   Skills:
 + Level 9.2 Fighting
 + Level 13.2 Axes
 - Level 0.1 Staves
 + Level 3.9 Armour
 + Level 8.4 Dodging
 + Level 6.5 Stealth
 + Level 6.0 Shields
 + Level 3.5 Evocations


You had 11 spell levels left.
You didn't know any spells.
Your spell library contained the following spells:

 Spells                   Type           Power      Damage    Failure   Level
 Magic Dart               Conj           0%         1d3       34%         1
 Slow                     Hex            0%         N/A       34%         1
 Searing Ray              Conj           0%         2d4       47%         2
 Sublimation of Blood     Necr           0%         N/A       47%         2
 Confusing Touch          Hex            0%         N/A       71%         3
 Gell's Gravitas          Tloc           0%         N/A       71%         3
 Teleport Other           Tloc           0%         N/A       71%         3
 Vampiric Draining        Necr           0%         2d6       71%         3
 Fulminant Prism          Conj/Hex       0%         3d5       98%         4
 Petrify                  Tmut/Erth      0%         N/A       98%         4
 Irradiate                Conj/Tmut      0%         3d11      100%        5
 Dispersal                Tloc           0%         N/A       100%        6


Dungeon Overview and Level Annotations

Branches:
Dungeon (11/15)            Temple (0/1) D:6            Lair (1/5) D:11
    Orc (0/2) D:9         Ossuary (visited)          Bailey (visited)

Altars:
Cheibriados
Dithmenos
Elyvilon
Gozag
Kikubaaqudgha
Makhleb
Nemelex Xobeh
Uskayaw
Vehumet

Shops:
D:2 *[*(*   D:9 ?

Annotations:
D:9 exclusion: statue


Message History

You hit the scorpion. The scorpion stings you.
You barely miss the cane toad.
The cane toad is heavily wounded.
You slash the scorpion! The cane toad stings you.
You are poisoned.
The cane toad poisons you! The scorpion completely misses you.
You slash the scorpion!
You kill the scorpion!
Trog accepts your kill.
You hit the cane toad.
You feel very sick. The cane toad stings you!
You are too injured to fight recklessly!
You are too injured to fight recklessly!
You are too injured to fight recklessly!
You are too injured to fight recklessly!
You barely miss the cane toad.
The cane toad is heavily wounded.
You feel very sick. The cane toad stings you.
* * * LOW HITPOINT WARNING * * *
You are lethally poisoned!
The cane toad poisons you!
You hit the cane toad but do no damage.
The cane toad is heavily wounded.
* * * LOW HITPOINT WARNING * * *
You feel very sick. The cane toad stings you!
* * * LOW HITPOINT WARNING * * *
Your skin crawls.
You feel strong-willed.
* * * LOW HITPOINT WARNING * * *
You feel very sick.
The cane toad stings you but does no damage.
Aiming: Thunderbolt
Press: ? - help, Q - select action, (/) - cycle Shift-Dir - straight line, f - cane toad
Aim: a cane toad (heavily wounded)
The thunderbolt hits the cane toad!
The cane toad is severely wounded.
You die...

## ## P###############.
.................
....#+###..#....
.#######....P.......#...
#.......#...............
+.......#...............
#.....F@....#.......P...
#.....†.#...#...........
#..[....#...#...........
#####.+##...#.......#...
.........###...###...
..?...................
.......................
.......................
.....................


You could see a cane toad.

Vanquished Creatures
  An entropy weaver (shapeshifter) (D:11)
  3 two-headed ogres
  Lodul (D:10)
  A deep elf pyromancer (D:11)
  An ugly thing (D:11)
  3 cane toads (Lair:1)
  A komodo dragon (D:10)
  A kobold demonologist (D:8)
  An efreet (D:11)
  Psyche (D:8)
  2 trolls
  A hornet (D:9)
  A polar bear (Lair:1)
  Prince Ribbit (D:5)
  3 blink frogs (Lair:1)
  Grinder (D:6)
  A shadow (D:9)
  A wraith (D:10)
  A vampire (D:10)
  A wyvern (D:10)
  18 yaks
  A basilisk (Lair:1)
  2 steam dragons
  Menkaure (D:6)
  A warg (D:11)
  An acid dragon (D:8)
  A water moccasin (Lair:1)
  4 orc warriors
  2 sky beasts
  2 black bears
  5 wolves (Lair:1)
  6 ogres (D:10)
  4 centaurs
  3 phantoms
  17 kobold brigands
  6 bullfrogs
  3 scorpions
  12 wights
  A howler monkey (D:5)
  A gnoll bouda (D:5)
  A jelly (D:5)
  5 orc priests
  6 hounds
  A sleepcap (D:6)
  2 iguanas
  8 orc wizards
  2 mummies
  8 gnolls (D:5)
  7 adders
  7 shadow imps
  A white imp (D:7)
  An ufetubus (D:5)
  2 worms
  3 dart slugs
  32 orcs
  A spectral bat (Ossuary)
  6 ball pythons
  5 bats
  A bat simulacrum (Ossuary)
  6 endoplasms
  2 giant cockroaches
  11 gnoll zombies (Ossuary)
  9 goblins
  7 hobgoblins
  7 quokkas
  2 frilled lizards (D:1)
  2 goblin simulacra (Ossuary)
  5 goblin zombies
  6 hobgoblin zombies (Ossuary)
  41 kobolds
  2 kobold simulacra (Ossuary)
  12 kobold skeletons (D:8)
  10 kobold zombies
  5 orc zombies (Ossuary)
  8 rats
  5 rat simulacra (Ossuary)
  4 spectral goblins (Ossuary)
  5 spectral kobolds (Ossuary)
  A spectral rat (Ossuary)
367 creatures vanquished.

Vanquished Creatures (collateral kills)
  A warg (D:11)
  An orc wizard (D:11)
  2 orcs (D:11)
4 creatures vanquished.

Vanquished Creatures (others)
  An orc (D:8)
  A kobold (D:6)
  A butterfly (D:10)
3 creatures vanquished.

Grand Total: 374 creatures vanquished

Notes
Turn   | Place    | Note
-------+----------+-------------------------------------------
     0 | D:1      | lukessrichardson the Human Berserker began the quest for
                  | the Orb.
     0 | D:1      | Reached XP level 1. HP: 18/18 MP: 1/1
     2 | D:1      | Noticed a spriggan
     2 | D:1      | Noticed a demonspawn
     4 | D:1      | Noticed a ghoul
     4 | D:1      | Noticed a vine stalker
     6 | D:1      | Noticed a merfolk
     6 | D:1      | Noticed a naga
     8 | D:1      | Noticed a troll
    10 | D:1      | Noticed a tengu
    10 | D:1      | Noticed a human
    12 | D:1      | Noticed a gargoyle
    12 | D:1      | Noticed a meteoran
    14 | D:1      | Noticed a formicid
    16 | D:1      | Noticed a draconian
    16 | D:1      | Noticed a vampire
    18 | D:1      | Noticed an ogre
    18 | D:1      | Noticed an octopode
    20 | D:1      | Noticed a minotaur
    22 | D:1      | Noticed an elf
    22 | D:1      | Noticed a felid
    24 | D:1      | Noticed a vampire
    24 | D:1      | Noticed an armataur
    49 | D:1      | Reached XP level 2. HP: 12/24 MP: 2/2
   472 | D:2      | Found Ejibolaq's Assorted Antiques.
   474 | D:2      | Found Uvoq's Antique Weapon Shop.
   499 | D:2      | Reached XP level 3. HP: 19/29 MP: 3/3
   587 | D:2      | Found Odoliesap's Antique Armour Emporium.
   756 | D:2      | Found a faded altar of an unknown god.
   931 | D:2      | Found Muuptiury's Assorted Antiques.
  1044 | D:2      | Found an opulent altar of Gozag.
  1106 | D:2      | Identified the +0 scale mail of the Fiend {*Corrode Slay+4}
  1124 | D:2      | Found Exzu's General Store.
  1133 | D:2      | Identified a scroll of acquirement
  1134 | D:2      | Acquired the ring of the Philosopher {AC+4 Slay+3}
  1250 | D:3      | Reached XP level 4. HP: 37/37 MP: 4/4
  1318 | D:3      | Reached skill level 4 in Axes
  1370 | D:3      | Reached ** piety under Trog
  1409 | D:3      | Reached skill level 1 in Stealth
  1409 | D:3      | Reached XP level 5. HP: 42/42 MP: 5/5
  1577 | D:3      | Found a snail-covered altar of Cheibriados.
  2095 | D:4      | Noticed a black bear
  2101 | D:4      | Killed a black bear
  2102 | D:4      | Reached XP level 6. HP: 48/48 MP: 6/6
  2210 | D:4      | Found a hide-covered altar of Uskayaw.
  2434 | D:4      | Reached skill level 5 in Axes
  2843 | D:4      | Reached XP level 7. HP: 48/55 MP: 7/7
  2879 | D:4      | Identified the +7 quarterstaff of Actus Reus {drain, rF+
                  | rN+ Dex+4}
  2955 | D:4      | Identified the +5 hand axe of Wexaed {holy, Int+3 SInv}
  3193 | D:5      | Entered Level 5 of the Dungeon
  3228 | D:5      | Found a sand-covered staircase.
  3233 | Ossuary  | Entered an ossuary
  3269 | Ossuary  | Reached skill level 1 in Shields
  3277 | Ossuary  | Reached *** piety under Trog
  3553 | Ossuary  | Reached **** piety under Trog
  3725 | D:5      | Reached skill level 6 in Axes
  3933 | D:5      | Reached XP level 8. HP: 61/61 MP: 8/8
  4397 | D:5      | Noticed Prince Ribbit
  4407 | D:5      | Killed Prince Ribbit
  4408 | D:5      | Reached skill level 7 in Axes
  4695 | D:6      | Noticed Menkaure
  4704 | D:6      | Killed Menkaure
  4733 | D:6      | Reached skill level 5 in Fighting
  4913 | D:6      | Reached XP level 9. HP: 32/68 MP: 9/9
  5184 | D:6      | Reached skill level 8 in Axes
  5280 | D:6      | Found a burning altar of Makhleb.
  5312 | D:6      | Found a shadowy altar of Dithmenos.
  5382 | D:6      | Found a staircase to the Ecumenical Temple.
  5411 | D:6      | Noticed Grinder
  5424 | D:6      | Killed Grinder
  5425 | D:6      | Reached skill level 5 in Dodging
  5511 | D:6      | Found a sparkling altar of Nemelex Xobeh.
  5745 | D:7      | Found a transporter.
  5756 | D:7      | Noticed a kobold demonologist
  5764 | D:7      | Found a transporter.
  5775 | D:7      | Found a flagged portal.
  5795 | Bailey   | Entered a bailey
  5970 | Bailey   | Found a bloodstained altar of Trog.
  6120 | D:7      | Noticed a kobold demonologist
  6178 | D:7      | Reached skill level 9 in Axes
  6215 | D:7      | Found an ancient bone altar of Kikubaaqudgha.
  6239 | D:7      | Noticed a troll
  6256 | D:7      | Killed a troll
  6257 | D:7      | Reached XP level 10. HP: 76/76 MP: 10/10
  6781 | D:7      | Noticed an orange demon
  6832 | D:7      | Noticed an orange demon
  6945 | D:8      | Reached skill level 5 in Stealth
  6945 | D:8      | Reached skill level 1 in Evocations
  7211 | D:8      | Noticed Psyche
  7234 | D:8      | Killed Psyche
  7466 | D:8      | Reached ***** piety under Trog
  7664 | D:8      | Reached skill level 10 in Axes
  7691 | D:8      | Found an ancient bone altar of Kikubaaqudgha.
  7691 | D:8      | Noticed a kobold demonologist
  7704 | D:8      | Killed a kobold demonologist
  8207 | D:9      | Found Ucyusof's Magic Scroll Boutique.
  9062 | D:2      | You fall into a shaft and drop 1 floor!
  9320 | D:9      | Noticed a two-headed ogre
  9336 | D:9      | Killed a two-headed ogre
  9337 | D:9      | Reached skill level 5 in Shields
  9337 | D:9      | Reached XP level 11. HP: 23/84 MP: 11/11
  9557 | D:9      | Found a radiant altar of Vehumet.
  9790 | D:9      | Reached skill level 11 in Axes
 10068 | D:9      | Found a staircase to the Orcish Mines.
 10302 | D:10     | Entered Level 10 of the Dungeon
 10703 | D:10     | Noticed a two-headed ogre
 10715 | D:10     | Killed a two-headed ogre
 10854 | D:10     | Found a white marble altar of Elyvilon.
 11185 | D:10     | Noticed Lodul
 11190 | D:10     | Killed Lodul
 11191 | D:10     | Reached skill level 12 in Axes
 11338 | D:11     | Noticed a deep elf pyromancer
 11348 | D:11     | Noticed a white ugly thing
 11351 | D:11     | Killed a deep elf pyromancer
 11366 | D:11     | Killed a white ugly thing
 11367 | D:11     | Reached XP level 12. HP: 47/94 MP: 12/12
 11514 | D:11     | Noticed an entropy weaver
 11537 | D:11     | Killed an entropy weaver
 11727 | D:11     | Noticed a two-headed ogre
 11740 | D:11     | Killed a two-headed ogre
 11767 | D:11     | Received a gift from Trog
 11797 | D:11     | Found a staircase to the Lair.
 11842 | Lair:1   | Entered Level 1 of the Lair of Beasts
 12340 | Lair:1   | Reached skill level 13 in Axes
 12745 | Lair:1   | HP: 1/95 [poisoned by a cane toad]
 12746 | Lair:1   | Succumbed to a cane toad's poison

Illustrated notes

Levels and vault maps discovered:
D:1:      kb_arrival_jail, layout_rooms
D:2:      layout_basic, basic_altar, basic_ecumenical_altar, serial_shops,
          nicolae_square_shop, nicolae_shop_overgrown_old_shop,
          nicolae_shop_back_alley_shop, shop, nicolae_shop_hallway_stairs
D:3:      layout_basic, amcnicky_altar_gilded
D:4:      layout_basic, mainiacjoe_overflow_paths
D:5:      layout_cave_pods, nicolae_ossuary_entry_giza, uniq_prince_ribbit1
D:6:      layout_loops_cross, mainiacjoe_overflow_catwalk_spiral,
          mainiacjoe_overflow_surrounded_room, minmay_temple_entry_stoned_glass,
          wad_floor_pattern_2, uniq_grinder, uniq_menkaure
D:7:      gammafunk_wand_slinger, layout_gridville,
          mainiacjoe_overflow_alcove_1, enter_bailey_5, hex_tiny
D:8:      wander_kiku_kobolds, layout_basic, uniq_psyche
D:9:      layout_loops_ring, vehumet_statue, serial_shops, shop
D:10:     layout_roguey, nicolae_elyvilon_peaceful_grove, uniq_lodul
D:11:     layout_loops_cross, erik_lair_orcish_takeover, uniq_nergalle
Lair:1:   layout_regular_city

Skill      XL: |  1  2  3  4  5  6  7  8  9 10 11 12 |
---------------+-------------------------------------+-----
Axes           | 4 5 6 7 9 10 12 13 | 13.2
Stealth        | 1 2 3 4 5 6 |  6.5
Fighting       | 4 5 6 7 8 9 |  9.2
Dodging        | 3 4 5 6 7 8 |  8.4
Shields        | 1 2 3 5 6 |  6.0
Evocations     | 2 3 |  3.5
Armour         | 3 |  3.9
Staves         | |  0.1

Action                     |  1- 3 |  4- 6 |  7- 9 | 10-12 || total
---------------------------+-------+-------+-------+-------++-------
  Melee: Hand axe          |    78 |   126 |   234 |   511 ||   949
         Punch             |     1 |     4 |     3 |     9 ||    17
         Quarterstaff      |       |       |     1 |       ||     1
 Invoke: Berserk           |     2 |     4 |     8 |     9 ||    23
         Trog's Hand       |       |       |     4 |     2 ||     6
         Brothers in Arms  |       |       |       |     2 ||     2
  Evoke: Wand              |       |     1 |     1 |    28 ||    30
         Lightning rod     |       |       |       |     7 ||     7
    Use: Scroll            |     7 |     5 |     3 |     7 ||    22
         Potion            |       |       |     2 |     1 ||     3
   Stab: Sleeping          |     1 |     1 |     7 |     9 ||    18
 Armour: Animal skin       |    17 |    45 |    56 |       ||   118
         Robe              |       |       |    11 |    91 ||   102
         Leather armour    |       |       |       |    81 ||    81
  Dodge: Dodged            |    64 |    57 |   115 |   250 ||   486
  Block: Other             |       |    17 |    44 |    95 ||   156
         Reflection        |       |     1 |     5 |     3 ||     9

Table legend: (Time is in decaauts)
 A = Elapsed time spent in this place.
 B = Non-inter-level travel time spent in this place.
 C = Inter-level travel time spent in this place.
 D = Time resting spent in this place.
 E = Time spent auto-exploring this place.
 F = Levels seen in this place.
 G = Mean time per level.
                   A        B        C        D        E       F      G
               +--------+--------+--------+--------+--------+-----+--------+
         Total |  12863 |  11377 |   1486 |      0 |   7826 |  14 |  918.8 |
       Dungeon |  11273 |   9787 |   1486 |      0 |   7101 |  11 | 1024.8 |
          Lair |    861 |    861 |      0 |      0 |    656 |   1 |  861.0 |
       Ossuary |    431 |    431 |      0 |      0 |     12 |   1 |  431.0 |
        Bailey |    297 |    297 |      0 |      0 |     57 |   1 |  297.0 |
               +--------+--------+--------+--------+--------+-----+--------+

Top non-repeatable levels by time:
     D:8: 1435 daAuts
     D:5: 1297 daAuts
     D:4: 1256 daAuts
     D:7: 1227 daAuts
     D:6: 1134 daAuts
     D:9: 1074 daAuts
    D:10: 1011 daAuts
     D:3: 915 daAuts
     D:2: 912 daAuts
  Lair:1: 861 daAuts
    D:11: 520 daAuts
     D:1: 488 daAuts
 Ossuary: 431 daAuts
  Bailey: 297 daAuts
